 Dungeon Crawl Stone Soup version 0.30-a0-936-ge0d47acfc0 (webtiles) character file.

Game seed: 13227001699814591643

3810 112233 the Geomancer (level 10, 0/60 HPs)
             Began as an Octopode Earth Elementalist on Mar 24, 2023.
             Was an Initiate of Gozag.
             Slain by a komodo dragon (28 damage)
             ... on level 8 of the Dungeon.
             The game lasted 00:07:59 (8479 turns).

112233 the Geomancer (Octopode Earth Elementalist)  Turns: 8479, Time: 00:08:00

Health: 0/60       AC:  1    Str:  7    XL:     10   Next: 17%
Magic:  0/23       EV: 14    Int: 22    God:    Gozag
Gold:   388        SH:  0    Dex: 13    Spells: 12/27 levels left

rFire   + . .      SeeInvis .    f - +2 short sword (speed)
rCold   . . .      Faith    .    (no shield)
rNeg    + . .      Spirit   .    (helmet restricted)
rPois   .          Reflect  .    (no amulet)
rElec   .          Rampage  .    D - ring of wizardry
rCorr   .                        m - ring of protection from fire
Will    .....                    t - ring of positive energy
Stlth   +++                      (no ring)
HPRegen 0.30/turn                (no ring)
MPRegen 0.18/turn                (no ring)
                                 (no ring)
                                 (no ring)

@: no status effects
A: almost no armour, amphibious, 8 rings, camouflage 1, gelatinous body 1,
(nimble swimmer 1), tentacles
a: Renounce Religion, Potion Petition, Call Merchant, Bribe Branch


You were on level 8 of the Dungeon.
You worshipped Gozag.
Gozag was aware of your devotion.
You visited 2 branches of the dungeon, and saw 9 of its levels.

You collected 499 gold pieces.
You paid 111 gold pieces to Gozag.

Inventory:

Hand Weapons
 f - a +2 short sword of speed (weapon)
 v - a +0 dagger of freezing
 B - a +1 hand axe of flaming
Jewellery
 m - a ring of protection from fire (right tentacle)
 t - a ring of positive energy (on tentacle)
 D - a ring of wizardry (left tentacle)
Wands
 z - a wand of charming (5)
Scrolls
 b - 3 scrolls of fog {unknown}
 d - 3 scrolls of magic mapping {unknown}
 g - 12 scrolls of identify {unknown}
 h - 5 scrolls of poison {unknown}
 i - a scroll of silence {unknown}
 l - a scroll of torment {unknown}
 n - 2 scrolls of immolation {unknown}
 o - 4 scrolls of vulnerability {unknown}
 q - a scroll of noise {unknown}
 r - 2 scrolls of enchant weapon {unknown}
 s - a scroll of blinking {unknown}
 w - 4 scrolls of teleportation {unknown}
 x - 2 scrolls of brand weapon {unknown}
 y - 2 scrolls of fear {unknown}
Potions
 a - a potion of invisibility {unknown}
 c - 3 potions of curing
 e - 2 potions of ambrosia
 j - a potion of brilliance {unknown}
 k - a potion of haste {unknown}
 p - a potion of berserk rage {unknown}
 u - 2 potions of mutation {unknown}
 A - 2 potions of flight {unknown}
 C - 2 potions of attraction {unknown}
 E - a potion of degeneration {unknown}
 F - 2 potions of heal wounds {unknown}
 G - a potion of might {unknown}


   Skills:
 + Level 2.1 Fighting
 + Level 3.1 Dodging
 - Level 2.6 Stealth
 * Level 9.2 Spellcasting
 + Level 2.1 Conjurations
 - Level 1.0 Transmutations
 * Level 10.1 Earth Magic


You had 12 spell levels left.
You knew the following spells:

 Your Spells              Type           Power      Damage    Failure   Level
a - Sandblast             Erth           100%       2d20      1%          1
b - Stone Arrow           Conj/Erth      74%        3d11      1%          3
c - Passwall              Tmut/Erth      28%        N/A       1%          2
d - Lee's Rapid Deconstr  Erth           26%        3d14*     1%          5
e - Petrify               Tmut/Erth      34%        N/A       2%          4

Your spell library contained the following spells:

 Spells                   Type           Power      Damage    Failure   Level
 Kiss of Death            Conj/Necr      56%        2d9       1%          1
 Leda's Liquefaction      Hex/Erth       16%        N/A       3%          4
 Ignite Poison            Fire/Tmut/Pois 11%        N/A       7%          3
 Confusing Touch          Hex            10%        N/A       9%          3
 Sticky Flame             Conj/Fire      14%        2d4       16%         4
 Dispel Undead            Necr           10%        3d9       26%         4
 Statue Form              Tmut/Erth      22%        N/A       38%         6
 Ignition                 Fire           5%         3d4       100%        8


Dungeon Overview and Level Annotations

Branches:
Dungeon (8/15)             Temple (1/1) D:7            Lair (0/5) D:8

Altars:
Ashenzari
Cheibriados
Dithmenos
Fedhas
Gozag
Kikubaaqudgha
Makhleb
Nemelex Xobeh
Okawaru
Qazlal
Ru
Sif Muna
Trog
Uskayaw
Vehumet
Wu Jian
Xom
Zin
The Shining One

Shops:
D:2 (   D:3 [   D:5 [   D:7 (

Annotations:
D:4 exclusion: downstairs
D:5 1 runed translucent door, Crazy Yiuf
D:7 3 runed translucent doors, exclusion: downstairs, NoOffense's ghost, novice OpTm


Innate Abilities, Weirdness & Mutations

You cannot wear most types of armour.
You are amphibious.
You can wear up to eight rings at the same time.
Your skin changes colour to match your surroundings (Stealth+).
Your rubbery body absorbs attacks. (AC +1, EV +1)
((You are camouflaged when in or above water. (Stealth+)))
You have tentacles for arms and can constrict up to eight enemies at once.


Message History

Casting: Stone Arrow (safe; 1% risk of failure)
Confirm with . or Enter, or press ? or * to list all spells.
Aiming: Stone Arrow (safe; 1% risk of failure)
Press: ? - help, Shift-Dir - straight line, f/p - komodo dragon
Aim: a komodo dragon (severely wounded, 81% to hit)
The stone arrow hits the komodo dragon!
The komodo dragon is almost dead.
The komodo dragon bites you!
Unknown command.
Casting: Stone Arrow (safe; 1% risk of failure)
Confirm with . or Enter, or press ? or * to list all spells.
You don't have enough magic to cast this spell.
Unknown command.
Casting: Stone Arrow (safe; 1% risk of failure)
Confirm with . or Enter, or press ? or * to list all spells.
You don't have enough magic to cast this spell.
Casting: Stone Arrow (safe; 1% risk of failure)
Confirm with . or Enter, or press ? or * to list all spells.
Aiming: Sandblast (safe; 1% risk of failure)
Press: ? - help, Shift-Dir - straight line, f/p - komodo dragon
Aim: a komodo dragon (almost dead, 89% to hit)
The blast of sand hits the komodo dragon but does no damage.
The komodo dragon is almost dead.
The komodo dragon closely misses you.
Unknown command.
Casting: Sandblast (safe; 1% risk of failure)
Confirm with . or Enter, or press ? or * to list all spells.
Aiming: Sandblast (safe; 1% risk of failure)
Press: ? - help, Shift-Dir - straight line, f/p - komodo dragon
Aim: a komodo dragon (almost dead, 89% to hit)
The blast of sand hits the komodo dragon.
The komodo dragon is almost dead.
The komodo dragon bites you!!
Ouch! That really hurt!
* * * LOW HITPOINT WARNING * * *
The komodo dragon closely misses you.
Okay, then.
You feel better. The komodo dragon bites you!!
You die...
Your body crumbles into a pile of gold.

#....# #......# .. #....#
#......# ... #....# #.#.####
###....... #....# ##.#.#
.....#....
#....####..#.######.....(.P..
#.....<.........).......P....
#....#.##.###...#..###....P..
#....#.##.#####.#..$.#..P....
#....#......@l.F..##.$.l....P
#########.#..#..#.##...P..P.F
#####...#.....##..$P....P
#####...<.....#.####.......P.
#.....#...####### #..P...P..
#.......#.##### #......P>.
#...###.......#### #P.$....P.
#. #......#....###.........
#........###.............


You could see a komodo dragon and a bullfrog.

Vanquished Creatures
  Pikel (D:5)
  Maggie (D:7)
  A hornet (D:8)
  Prince Ribbit (D:6)
  Eustachio (D:5)
  2 water moccasins
  2 ice beasts
  4 black bears
  3 ogres
  4 lemures
  2 kobold brigands
  A bullfrog (D:6)
  A gnoll sergeant (D:7)
  5 scorpions
  7 wights
  2 howler monkeys
  2 hounds
  A jelly (D:5)
  3 orc priests
  3 iguanas (D:6)
  2 orc wizards
  3 gnolls (D:7)
  7 adders
  A white imp (D:8)
  An ufetubus (D:5)
  12 orcs
  4 endoplasms
  6 giant cockroaches
  8 hobgoblins
  4 quokkas
  3 ball pythons
  2 bats (D:1)
  2 frilled lizards (D:3)
  7 goblins
  9 kobolds
  6 rats
124 creatures vanquished.

Vanquished Creatures (others)
  46 fungi (D:8)
  45 plants (D:8)
91 creatures vanquished.

Grand Total: 215 creatures vanquished

Notes
Turn   | Place    | Note
-------+----------+-------------------------------------------
     0 | D:1      | 112233 the Octopode Earth Elementalist began the quest for
                  | the Orb.
     0 | D:1      | Reached XP level 1. HP: 11/11 MP: 3/3
   190 | D:1      | Reached XP level 2. HP: 17/17 MP: 2/5
   716 | D:1      | Reached XP level 3. HP: 21/21 MP: 5/7
  1353 | D:2      | Found Zask's Antique Weapon Emporium.
  1508 | D:2      | Found an ornate altar of the Wu Jian Council.
  1754 | D:3      | Reached XP level 4. HP: 20/27 MP: 1/10
  2174 | D:3      | Found Tamaan's Antique Armour Shop.
  2339 | D:4      | Noticed a scorpion
  2349 | D:4      | Killed a scorpion
  2350 | D:4      | Reached skill level 5 in Spellcasting
  2350 | D:4      | Reached XP level 5. HP: 31/31 MP: 10/12
  2491 | D:4      | Noticed a kobold brigand
  2567 | D:4      | Killed a kobold brigand
  2568 | D:4      | Reached XP level 6. HP: 12/36 MP: 6/14
  3077 | D:4      | Learned a level 3 spell: Stone Arrow
  3080 | D:4      | Learned a level 2 spell: Passwall
  3120 | D:5      | Entered Level 5 of the Dungeon
  3120 | D:5      | Noticed Pikel
  4054 | D:5      | Found Litteok's Armour Emporium.
  4310 | D:6      | Reached XP level 7. HP: 36/41 MP: 7/16
  4513 | D:6      | Reached skill level 4 in Earth Magic
  4729 | D:6      | Noticed Prince Ribbit
  4734 | D:6      | Killed Prince Ribbit
  4735 | D:6      | Reached skill level 5 in Earth Magic
  4735 | D:6      | Reached XP level 8. HP: 26/46 MP: 5/18
  5012 | D:6      | Reached skill level 6 in Earth Magic
  5561 | D:5      | Found a runed translucent door.
  5562 | D:5      | Noticed Crazy Yiuf
  5599 | D:5      | Killed Pikel
  5600 | D:5      | Reached skill level 8 in Earth Magic
  5600 | D:5      | Reached XP level 9. HP: 41/51 MP: 1/20
  5715 | D:5      | Found a shimmering altar of Xom.
  5732 | D:5      | Noticed Eustachio
  5743 | D:5      | Killed Eustachio
  6345 | D:7      | Noticed Maggie
  6354 | D:7      | Killed Maggie
  6355 | D:7      | Reached skill level 9 in Earth Magic
  6794 | D:7      | Found a staircase to the Ecumenical Temple.
  6814 | Temple   | Entered the Ecumenical Temple
  6944 | Temple   | Became a worshipper of Gozag Ym Sagoz the Greedy
  7356 | D:7      | Found Ybefeew's Antique Weapon Shop.
  7655 | D:7      | Reached skill level 1 in Fighting
  7655 | D:7      | Reached skill level 1 in Conjurations
  7918 | D:7      | Found a runed translucent gate.
  7919 | D:7      | Found a runed translucent gate.
  7920 | D:7      | Found a runed translucent gate.
  7921 | D:7      | Noticed NoOffense's ghost (novice OpTm)
  7999 | D:8      | Noticed a hornet
  8150 | D:8      | Reached XP level 10. HP: 59/59 MP: 19/23
  8184 | D:8      | Reached skill level 10 in Earth Magic
  8263 | D:8      | Found a staircase to the Lair.
  8303 | D:8      | Learned a level 5 spell: Lee's Rapid Deconstruction
  8308 | D:8      | Learned a level 4 spell: Petrify
  8479 | D:8      | Slain by a komodo dragon

Illustrated notes

Levels and vault maps discovered:
D:1:      mrwooster_arrival_statue, layout_loops_cross, serial_rivers,
          chequers_serial_rivers_micro_d, chequers_serial_rivers_small_a,
          chequers_serial_rivers_room_a, chequers_serial_rivers_micro_b
D:2:      layout_loops_ring, basic_altar, serial_shops, nicolae_shop_statue_plus
D:3:      layout_basic, serial_shops, nicolae_shop_hallway_plus
D:4:      layout_loops_ring, serial_bayou_lagoon_b
D:5:      layout_loops_ring, lemuel_tele_altar, serial_shops,
          nicolae_stop_n_shop_1, minmay_misc_feat_chi, uniq_eustachio,
          uniq_pikel, uniq_crazy_yiuf_cottage
D:6:      layout_basic, chequers_serial_rivers_micro_e,
          hangedman_abyss_or_decor_stagger, uniq_prince_ribbit1
D:7:      layout_basic, minmay_temple_entry_proselytizer, serial_shops,
          nicolae_shop_competitors_out_of_business, biasface_ghost_orc_armoury,
          corexii_hall_statues_l, uniq_maggie
D:8:      layout_rooms, due_lair_maze_entry_diamond, enter_bailey_3,
          minmay_crystal_room
Temple:   nicolae_temple_bog_church

Skill      XL: |  1  2  3  4  5  6  7  8  9 10 |
---------------+-------------------------------+-----
Spellcasting   | 3 4 5 6 7 9 |  9.2
Earth Magic    | 5 8 9 10 | 10.1
Fighting       | 1 2 |  2.1
Conjurations   | 1 2 |  2.1
Dodging        | 3 |  3.1
Stealth        | |  2.6
Transmutations | |  1.0

Action                     |  1- 3 |  4- 6 |  7- 9 | 10-12 || total
---------------------------+-------+-------+-------+-------++-------
  Melee: Short sword       |       |     4 |     2 |       ||     6
         Constrict         |       |     1 |       |       ||     1
         Punch             |       |     1 |       |       ||     1
   Cast: Sandblast         |    55 |    61 |    20 |     2 ||   138
         Stone Arrow       |       |    12 |    78 |    18 ||   108
         Lee's Rapid Decon |       |       |       |     1 ||     1
  Evoke: Wand              |       |     1 |       |       ||     1
    Use: Potion            |     1 |     4 |     1 |     1 ||     7
 Armour: Skin              |       |     2 |     1 |       ||     3
  Dodge: Dodged            |     8 |    18 |    17 |     3 ||    46

Table legend: (Time is in decaauts)
 A = Elapsed time spent in this place.
 B = Non-inter-level travel time spent in this place.
 C = Inter-level travel time spent in this place.
 D = Time resting spent in this place.
 E = Time spent auto-exploring this place.
 F = Levels seen in this place.
 G = Mean time per level.
                   A        B        C        D        E       F      G
               +--------+--------+--------+--------+--------+-----+--------+
         Total |   8549 |   8149 |    400 |   1908 |   5285 |   9 |  949.9 |
       Dungeon |   8125 |   7756 |    369 |   1640 |   5182 |   8 | 1015.6 |
        Temple |    423 |    392 |     31 |    268 |    103 |   1 |  423.0 |
               +--------+--------+--------+--------+--------+-----+--------+

Top non-repeatable levels by time:
     D:4: 1474 daAuts
     D:7: 1335 daAuts
     D:6: 1218 daAuts
     D:5: 1079 daAuts
     D:1: 1033 daAuts
     D:3: 926 daAuts
     D:2: 666 daAuts
  Temple: 423 daAuts
     D:8: 390 daAuts
